 Dungeon Crawl Stone Soup version 0.14-a0-1444-g21dc12d (webtiles) character file.

221 Jenx the Ruffian (level 4, -6/44 HPs)
             Began as a Troll Monk on Dec 13, 2013.
             Mangled by a gnoll
             ... wielding a +1,+0 halberd
              (12 damage)
             ... on Level 3 of the Dungeon.
             The game lasted 00:04:10 (1382 turns).

Jenx the Ruffian (Troll Monk)                       Turns: 1382, Time: 00:04:11

HP  -6/44        AC  5     Str 19      XL: 4   Next: 75%
MP   2/2         EV 10     Int  7      God:
Gold 101         SH  0     Dex 12      Spells:  0 memorised,  3 levels left

rFire  . . .     SeeInvis .       - Unarmed
rCold  . . .     Clarity  .     e - +0 robe
rNeg   . . .     Conserve .     (shield restricted)
rPois  .         rCorr    .     (helmet restricted)
rElec  .         rRot     .     (no cloak)
SustAb . .       Spirit   .     (gloves unavailable)
rMut   .         Warding  .     (boots unavailable)
Gourm  +         Stasis   .     (no amulet)
                                (no ring)
                                (no ring)

@: slightly resistant to hostile enchantments, unstealthy
A: unfitting armour, claws 3, fast metabolism 3, gourmand, regeneration 2,
saprovore 2, shaggy fur 1, tough skin 2
a: no special abilities


You were on level 3 of the Dungeon.
You were completely stuffed.

You visited 1 branch of the dungeon, and saw 3 of its levels.

You collected 101 gold pieces.

Inventory:

Missiles
 c - 11 darts of dispersal (quivered)
Armour
 e - a +0 robe (worn)
Magical devices
 h - a wand of random effects (16) {unknown}
Comestibles
 a - a rotting chunk of giant cockroach flesh
 b - 2 meat rations
 f - an apple
 g - 3 chunks of hobgoblin flesh
 j - 2 bread rations
 q - 2 chunks of goblin flesh
 r - a choko
 u - 3 rotting chunks of hobgoblin flesh
 w - a chunk of bat flesh
Scrolls
 d - a scroll of remove curse {unknown}
 i - a scroll of enchant weapon II {unknown}
 k - a scroll of noise {unknown}
 l - a scroll of fear {unknown}
 m - 2 scrolls of teleportation {unknown}
 n - a scroll of identify {unknown}
 t - a scroll of magic mapping {unknown}
 v - a scroll of curse jewellery {unknown}
Potions
 o - a potion of blood
 s - 3 potions of lignification {unknown}


   Skills:
 - Level 2.4 Fighting
 - Level 2.4 Dodging
 - Level 1.1 Stealth
 * Level 6.2 Unarmed Combat


You had 3 spell levels left.
You didn't know any spells.

Dungeon Overview and Level Annotations

Branches:
Dungeon (3/16)

Altars:


Innate Abilities, Weirdness & Mutations

You are too large for most types of armour.
You have claws for hands.
Your metabolism is lightning-fast.
You like to eat raw meat.
You heal very quickly.
You can eat rotten meat.
You are covered in fur (AC +1).
You have very tough skin (AC +2).


Message History

The gnoll hits you but does no damage.
The gnoll hits you from afar with a halberd!
The bat hits you but does no damage.
You closely miss the gnoll.
The gnoll is heavily wounded.
The bat closely misses you. The gnoll hits you with a spear.
The gnoll hits you.
The gnoll hits you from afar with a halberd!
* * * LOW HITPOINT WARNING * * *
You barely miss the gnoll.
The gnoll is no longer bleeding.
The bat hits you.
* * * LOW HITPOINT WARNING * * *
The bat barely misses you. The gnoll hits you with a spear.
* * * LOW HITPOINT WARNING * * *
The bat hits you but does no damage. The gnoll hits you but does no damage.
The bat hits you but does no damage. The gnoll barely misses you.
The rat barely misses you.
There is a stone staircase leading up here.
The bat hits you but does no damage.
The gnoll hits you from afar with a halberd!
You die...

####
#..?
#...##
#....#
#.gg#
#.g.##
##br@#
#...#
#...#
......
#######.
. .


You could see 3 gnolls, a bat and a rat.

Vanquished Creatures
  3 gnolls (D:2)
  3 adders (D:2)
  3 giant geckos
  An ooze (D:1)
  9 hobgoblins
  9 jackals
  5 kobolds
  5 ball pythons
  3 bats
  5 giant cockroaches
  6 goblins
  A quokka (D:2)
  3 rats
56 creatures vanquished.

Notes
Turn   | Place    | Note
--------------------------------------------------------------
     0 | D:1      | Jenx, the Troll Monk, began the quest for the Orb.
     0 | D:1      | Reached XP level 1. HP: 22/22 MP: 1/1
   156 | D:1      | Reached XP level 2. HP: 26/29 MP: 1/1
   651 | D:2      | Reached skill level 5 in Unarmed Combat
   651 | D:2      | Reached XP level 3. HP: 36/36 MP: 2/2
   965 | D:2      | Reached XP level 4. HP: 39/44 MP: 2/2
  1070 | D:2      | Reached skill level 6 in Unarmed Combat
  1382 | D:3      | Mangled by a gnoll

Action                   |  1- 3 |  4- 6 || total
-------------------------+-------+-------++-------
Melee: Unarmed           |   113 |    44 ||   157
